 Dungeon Crawl Stone Soup version 0.29-a0-275-g389c0b56f3 (webtiles) character file.

Game seed: 16576517853551719501

45 jlumianski the Chucker (level 3, 0/28 HPs)
             Began as a Gnoll Wanderer on Mar 9, 2022.
             Succumbed to an adder's poison
             ... on level 1 of the Dungeon.
             The game lasted 00:08:35 (1795 turns).

jlumianski the Chucker (Gnoll Wanderer)             Turns: 1795, Time: 00:08:36

Health: 0/28       AC:  2    Str: 11    XL:     3   Next: 64%
Magic:  9/9        EV: 12    Int: 13    God:
Gold:   54         SH:  0    Dex: 11    Spells: 9/12 levels left

rFire   . . .      SeeInvis .   h - +2 dagger (speed)
rCold   . . .      Faith    .   (no shield)
rNeg    . . .      Spirit   .   d - +0 robe
rPois   .          Reflect  .   (no helmet)
rElec   .          Harm     .   (no cloak)
rCorr   .          Rampage  .   (no gloves)
Will    .....                   (no boots)
Stlth   +.........              (no amulet)
HPRegen 0.09/turn               (no ring)
MPRegen 0.11/turn               (no ring)

@: lethally poisoned (0 -> -13)
A: fangs 1, strong nose, distributed training
a: no special abilities


You were on level 1 of the Dungeon.
You visited 1 branch of the dungeon, and saw 2 of its levels.

You collected 54 gold pieces.

Inventory:

Hand Weapons
 a - a +0 dagger
 h - a +2 dagger of speed (weapon)
Missiles
 b - 7 poisoned darts (quivered)
 g - 38 stones
Armour
 d - a +0 robe (worn)
Scrolls
 e - a scroll of acquirement {unknown}
 f - 4 scrolls of identify {unknown}
 j - 2 scrolls of blinking {unknown}
Potions
 c - a potion of haste
 i - 3 potions of curing {unknown}


   Skills:
 + Level 2.6 Fighting
 + Level 0.9 Short Blades
 + Level 0.9 Long Blades
 + Level 0.9 Axes
 + Level 0.9 Maces & Flails
 + Level 0.9 Polearms
 + Level 0.9 Staves
 + Level 0.9 Slings
 + Level 0.9 Bows
 + Level 0.9 Crossbows
 + Level 6.5 Throwing
 + Level 0.9 Armour
 + Level 2.6 Dodging
 + Level 0.9 Stealth
 + Level 0.9 Shields
 + Level 0.9 Unarmed Combat
 + Level 5.0 Spellcasting
 + Level 0.6 Conjurations
 + Level 0.6 Hexes
 + Level 0.6 Summonings
 + Level 0.6 Necromancy
 + Level 3.8 Translocations
 + Level 0.6 Transmutations
 + Level 0.6 Fire Magic
 + Level 0.6 Ice Magic
 + Level 2.1 Air Magic
 + Level 0.6 Earth Magic
 + Level 0.6 Poison Magic
 + Level 1.0 Invocations
 + Level 0.9 Evocations


You had 9 spell levels left.
You knew the following spells:

 Your Spells              Type           Power      Damage    Failure   Level
a - Shock                 Conj/Air       24%        1d4       11%         1
b - Blink                 Tloc           26%        N/A       6%          2

Your spell library contained the following spells:

 Spells                   Type           Power      Damage    Failure   Level
 Apportation              Tloc           26%        N/A       4%          1
 Lesser Beckoning         Tloc           13%        N/A       12%         3
 Static Discharge         Conj/Air       6%         N/A       16%         2
 Mephitic Cloud           Conj/Pois/Air  6%         N/A       34%         3
 Lightning Bolt           Conj/Air       3%         1d14      96%         5
 Maxwell's Capacitive Co  Air            4%         ∞         100%        8


Dungeon Overview and Level Annotations

Branches:
Dungeon (2/15)

Altars:


Innate Abilities, Weirdness & Mutations

You have very sharp teeth.
Your uncanny sense of smell can sniff out nearby items.
Your experience applies equally to all skills.


Message History

There is a stone staircase leading down here.
You miss the adder.
The adder is moderately wounded.
You feel sick. The adder closely misses you.
You miss the adder. You bite the adder, but do no damage.
The adder is moderately wounded.
The rat misses you. The adder barely misses you.
You closely miss the adder. Your bite misses the adder.
The adder is moderately wounded.
You feel sick. The rat misses you. The adder bites you.
You are more poisoned.
The adder poisons you!
You miss the adder.
The adder is moderately wounded.
You feel sick. The rat bites you but does no damage.
You barely miss the adder.
The adder is heavily wounded.
You feel sick. The adder bites you.
You are lethally poisoned!
The adder poisons you!
You barely miss the adder.
The adder is severely wounded.
You feel sick. The adder bites you.
* * * LOW HITPOINT WARNING * * *
The rat barely misses you.
You hit the adder but do no damage. You bite the adder, but do no damage.
The adder is severely wounded.
* * * LOW HITPOINT WARNING * * *
You feel sick. The adder bites you.
* * * LOW HITPOINT WARNING * * *
You hit the adder but do no damage.
The adder is severely wounded.
* * * LOW HITPOINT WARNING * * *
You feel sick. The rat closely misses you. The adder bites you.
* * * LOW HITPOINT WARNING * * *
You are more poisoned.
The adder poisons you!
You closely miss the adder. Your bite misses the adder.
The adder is almost dead.
You die...

#.# #....##.# #.# #..#.
####.####....##.###.########..#.
#...............................
####.#........#.#...............
#####.#........#.#..##)######..##
......#........#.#..##.#...##..#
#####.#........#.#..##.#...##..#
#.#........#S#..##.#...##..##
#.#........#@......+.........
#.#........#r#..##.#...##..##
##'##......##.#..##.#...##..##
#..........##.#..##+#......... ##
#..........##.#..........#..## .#
#.......#####.#..........#..#. .#
#.......#####'#..........#..#. .#
##'#+##..)...............#..#. .#
#.#........................##


You could see an adder (poisoned) and a rat.

Vanquished Creatures
  An adder (D:2)
  A dart slug (D:1)
  4 endoplasms (D:1)
  A giant cockroach (D:1)
  5 goblins (D:1)
  4 hobgoblins (D:1)
  2 kobolds (D:1)
  A quokka (D:1)
  4 ball pythons
  4 bats (D:1)
  2 frilled lizards (D:1)
  3 rats (D:1)
32 creatures vanquished.

Notes
Turn   | Place    | Note
-------+----------+-------------------------------------------
     0 | D:1      | jlumianski the Gnoll Wanderer began the quest for the Orb.
     0 | D:1      | jlumianski set off with the following items: a +0 dagger,
                  | 11 poisoned darts, a potion of haste, a +0 robe; and the
                  | following spells available to memorise: Apportation, Blink,
                  | Shock, Lesser Beckoning, Mephitic Cloud
     0 | D:1      | Reached XP level 1. HP: 17/17 MP: 6/6
     2 | D:1      | Learned a level 1 spell: Shock
    86 | D:1      | Reached XP level 2. HP: 7/23 MP: 2/7
    94 | D:1      | Learned a level 2 spell: Blink
   944 | D:1      | Reached XP level 3. HP: 27/28 MP: 9/9
   958 | D:1      | Reached skill level 5 in Spellcasting
  1386 | D:1      | Found a faded altar of an unknown god.
  1775 | D:2      | Reached skill level 1 in Invocations
  1795 | D:1      | Succumbed to an adder's poison

Illustrated notes

Levels and vault maps discovered:
D:1:      minmay_arrival_four_circles, layout_basic,
          ebering_ecumenical_altar_sacrificial
D:2:      layout_basic, basic_altar, uniq_robin, uniq_jessica, uniq_natasha

Skill      XL: |  1  2  3 |
---------------+----------+-----
Air Magic      | 2 |  2.1
Spellcasting   | 5 |  5.0
Invocations    | 1 |  1.0
Fighting       | |  2.6
Short Blades   | |  0.9
Long Blades    | |  0.9
Axes           | |  0.9
Maces & Flails | |  0.9
Polearms       | |  0.9
Staves         | |  0.9
Slings         | |  0.9
Bows           | |  0.9
Crossbows      | |  0.9
Throwing       | |  6.5
Armour         | |  0.9
Dodging        | |  2.6
Stealth        | |  0.9
Shields        | |  0.9
Unarmed Combat | |  0.9
Conjurations   | |  0.6
Hexes          | |  0.6
Summonings     | |  0.6
Necromancy     | |  0.6
Translocations | |  3.8
Transmutations | |  0.6
Fire Magic     | |  0.6
Ice Magic      | |  0.6
Earth Magic    | |  0.6
Poison Magic   | |  0.6
Evocations     | |  0.9

Action                   || total
-------------------------++-------
Melee: Dagger            ||    93
       Bite              ||     6
       Punch             ||     1
Throw: Dart              ||     4
 Cast: Shock             ||    10
 Stab: Sleeping          ||     1
Armor: Robe              ||    15
Dodge: Dodged            ||    49

Table legend: (Time is in decaauts)
 A = Elapsed time spent in this place.
 B = Non-inter-level travel time spent in this place.
 C = Inter-level travel time spent in this place.
 D = Time resting spent in this place.
 E = Time spent auto-exploring this place.
 F = Levels seen in this place.
 G = Mean time per level.
                   A        B        C        D        E       F      G
               +--------+--------+--------+--------+--------+-----+--------+
         Total |   1771 |   1724 |     47 |    219 |   1159 |   2 |  885.5 |
       Dungeon |   1771 |   1724 |     47 |    219 |   1159 |   2 |  885.5 |
               +--------+--------+--------+--------+--------+-----+--------+

Top non-repeatable levels by time:
     D:1: 1763 daAuts
     D:2: 8 daAuts
